 Dungeon Crawl Stone Soup version 0.26.1-11-gd32895ea62 (webtiles) character file.

Game seed: 5389922509939270705

6875 Almogavar the Covert (level 11, 0/57 HPs)
             Began as a Kobold Conjurer on July 7, 2021.
             Was a Priest of Nemelex Xobeh.
             Slain by a killer bee (4 damage)
             ... summoned by the player character
             ... on level 1 of the Lair of Beasts.
             The game lasted 00:40:03 (12992 turns).

Almogavar the Covert (Kobold Conjurer)             Turns: 12992, Time: 00:40:03

Health: 0/57       AC: 10    Str:  4    XL:     11   Next: 26%
Magic:  23/23      EV: 16    Int: 22    God:    Nemelex Xobeh [***...]
Gold:   586        SH:  0    Dex: 21    Spells: 19/26 levels left

rFire    . . .     SeeInvis .   c - +0 dagger
rCold    . . .     Faith    .   (shield restricted)
rNeg     . . .     Spirit   .   k - +0 acid dragon scales
rPois    .         Reflect  .   (no helmet)
rElec    .         Harm     .   q - +0 cloak
rCorr    +         Rampage  .   n - +2 pair of gloves
Will     .....                  (no boots)
Stlth    ++++++....             B - amulet of regeneration
HPRegen  0.59/turn              t - ring of wizardry
MPRegen  0.18/turn              p - +6 ring of dexterity

@: lethally poisoned (0 -> -2)
A: small, nightstalker 3
a: Renounce Religion, Draw Escape, Draw Destruction, Draw Summoning, Triple Draw


You were on level 1 of the Lair of Beasts.
You worshipped Nemelex Xobeh.
Nemelex Xobeh was most pleased with you.
You visited 4 branches of the dungeon, and saw 12 of its levels.

You collected 586 gold pieces.

Inventory:

Hand Weapons
 c - a +0 dagger (weapon)
 H - a +3 short sword
 I - a +2 short sword of holy wrath
Armour
 k - +0 acid dragon scales (worn)
 n - a +2 pair of gloves (worn)
 q - a +0 cloak (worn)
Magical Staves
 j - an uncursed staff of earth
Jewellery
 p - a +6 ring of dexterity (right hand)
 t - a ring of wizardry (left hand)
 B - an amulet of regeneration (around neck)
 D - an uncursed ring of protection from cold
 E - an uncursed ring of see invisible
 G - an uncursed ring of protection from fire
Wands
 y - a wand of enslavement (3)
 A - a wand of flame (13)
 C - a wand of random effects (19)
 K - a wand of polymorph (2)
Scrolls
 a - a scroll of vulnerability {unknown}
 d - 2 scrolls of blinking
 g - a scroll of fog
 i - 3 scrolls of fear
 l - 10 scrolls of teleportation
 o - 2 scrolls of enchant armour
 r - a scroll of remove curse
 u - 2 scrolls of enchant weapon {unknown}
 F - 2 scrolls of amnesia
Potions
 b - 6 potions of curing
 e - 5 potions of heal wounds
 f - a potion of resistance
 m - 3 potions of berserk rage {unknown}
 s - a potion of cancellation {unknown}
 v - 5 potions of magic {unknown}
 w - 2 potions of degeneration {unknown}
 x - 2 potions of haste {unknown}
 z - 2 potions of invisibility {unknown}
 J - a potion of brilliance {unknown}


   Skills:
 + Level 2.0 Fighting
 + Level 4.1 Short Blades
 + Level 1.8 Armour
 + Level 5.4 Dodging
 + Level 12.0 Stealth
 + Level 8.0 Spellcasting
 + Level 9.1 Conjurations
 + Level 6.0 Translocations
 + Level 1.4 Evocations


You had 19 spell levels left.
You knew the following spells:

 Your Spells              Type           Power        Failure   Level
a - Magic Dart            Conj           100%         1%          1
b - Searing Ray           Conj           98%          1%          2
c - Iskenderun's Mystic   Conj/Tloc      42%          3%          4

Your spell library contained the following spells:

 Spells                   Type           Power        Failure   Level
 Dazzling Flash           Conj/Hex       56%          3%          3
 Fulminant Prism          Conj/Hex       14%          11%         4


Dungeon Overview and Level Annotations

Branches:
Dungeon (9/15)             Temple (1/1) D:4            Lair (1/6) D:9
    Orc (1/2) D:9

Altars:
Ashenzari
Cheibriados
Dithmenos
Elyvilon
Fedhas
Gozag
Hepliaklqana
Kikubaaqudgha
Makhleb
Nemelex Xobeh
Okawaru
Qazlal
Ru
Sif Muna
Trog
Uskayaw
Vehumet
Wu Jian
Xom
Yredelemnul
Zin
The Shining One
Beogh

Shops:
D:4 :   D:6 *   D:7 *

Annotations:
D:4 2 transporters, Jawa73's ghost, amateur MiFi


Innate Abilities, Weirdness & Mutations

You are small and have problems with some larger weapons.
You are completely attuned to the shadows.


Message History

Unknown command.
You feel sick. The killer bee closely misses you.
The seven-headed hydra completely misses your killer bee. x2
The seven-headed hydra bites your killer bee. x2
The seven-headed hydra bites your killer bee!
The seven-headed hydra completely misses your killer bee.
The seven-headed hydra misses your killer bee.
The killer bee stings you.
* * * LOW HITPOINT WARNING * * *
Your killer bee stings the seven-headed hydra.
You feel sick.
Your killer bee stings the seven-headed hydra.
The seven-headed hydra barely misses your killer bee.
The seven-headed hydra bites your killer bee but does no damage.
The seven-headed hydra bites your killer bee!
Your killer bee dies!
Your killer bee's corpse disappears in a puff of smoke!
The killer bee stings you.
You die...
Your body disappears without a glow.

##.........#.......#
..#.#.#...........#
....###......##..
#.## ##...##.#..
#....#.....
#...#.....#....
#...#8.8.8.#
#...#.....##
##...#..8@#.#
......##.y..#
#....##..ยง.##
##...##.#D##
#...#.##Y###.
#####.......SY...
.................
.................
.................


You could see a seven-headed hydra, a yak and a killer bee (summoned).

Vanquished Creatures
  A hydra (Lair:1)
  Harold (D:7)
  Pikel (D:9)
  A cane toad (Lair:1)
  A troll (D:8)
  Grinder (D:3)
  Eustachio (D:5)
  A wyvern (D:8)
  5 wargs (D:9)
  3 orc warriors
  2 sky beasts
  A necrophage (D:5)
  An eye of draining (D:8)
  A phantom (D:6)
  2 black bears
  4 centaurs
  3 ogres
  3 lemures (D:9)
  3 big kobolds
  A bullfrog (D:6)
  A gnoll sergeant (D:6)
  A water moccasin zombie (D:7)
  A water moccasin skeleton (D:4)
  2 scorpions
  3 howler monkeys
  2 bullfrog zombies (D:8)
  A jelly (D:8)
  5 orc priests
  A centaur skeleton (D:8)
  A hound (D:8)
  2 bullfrog skeletons
  Ijyb (D:3)
  An iguana (D:5)
  4 orc wizards
  8 worker ants
  2 killer bee zombies
  A hound skeleton (D:4)
  A howler monkey zombie (D:6)
  17 gnolls
  A howler monkey skeleton (D:9)
  13 adders
  A shadow imp (D:8)
  3 white imps
  An adder zombie (D:8)
  3 oozes
  A worm (D:2)
  A dart slug (D:2)
  4 leopard geckos
  59 orcs
  3 giant cockroaches (D:1)
  13 hobgoblins
  4 jackals (D:8)
  2 quokkas (D:3)
  A ball python (D:2)
  8 bats
  6 frilled lizards
  12 goblins
  A jackal skeleton (D:4)
  28 kobolds
  7 rats
264 creatures vanquished.

Vanquished Creatures (others)
  3 fungi
  6 plants (D:9)
9 creatures vanquished.

Grand Total: 273 creatures vanquished

Notes
Turn   | Place    | Note
-------+----------+-------------------------------------------
     0 | D:1      | Almogavar the Kobold Conjurer began the quest for the Orb.
     0 | D:1      | Reached XP level 1. HP: 10/10 MP: 3/3
   288 | D:1      | Reached XP level 2. HP: 15/15 MP: 1/5
   291 | D:1      | Learned a level 2 spell: Searing Ray
   875 | D:1      | Reached XP level 3. HP: 19/19 MP: 4/6
  1481 | D:2      | Reached skill level 3 in Stealth
  1718 | D:2      | Reached XP level 4. HP: 24/24 MP: 7/7
  1738 | D:2      | Reached skill level 5 in Conjurations
  1911 | D:2      | Learned a level 4 spell: Iskenderun's Mystic Blast
  2329 | D:2      | Reached XP level 5. HP: 28/28 MP: 4/9
  3292 | D:3      | Reached skill level 4 in Stealth
  3785 | D:3      | Noticed Grinder
  3792 | D:3      | Killed Grinder
  3793 | D:3      | Reached skill level 1 in Short Blades
  3793 | D:3      | Reached skill level 5 in Stealth
  3793 | D:3      | Reached skill level 1 in Translocations
  3793 | D:3      | Reached XP level 6. HP: 14/32 MP: 5/11
  4195 | D:3      | Reached XP level 7. HP: 36/36 MP: 9/12
  4414 | D:3      | Noticed Ijyb
  4445 | D:3      | Killed Ijyb
  4446 | D:3      | Reached skill level 6 in Stealth
  4540 | D:3      | Found a shadowy altar of Dithmenos.
  4958 | D:4      | Found Peashrici's Book Emporium.
  5077 | D:4      | Found a transporter.
  5101 | D:4      | Found a transporter.
  5101 | D:4      | Noticed Jawa73's ghost (amateur MiFi)
  5245 | D:4      | Found a staircase to the Ecumenical Temple.
  5253 | Temple   | Entered the Ecumenical Temple
  5359 | Temple   | Became a worshipper of Nemelex Xobeh the Trickster
  5806 | D:4      | Found an iron altar of Okawaru.
  5893 | D:5      | Entered Level 5 of the Dungeon
  5983 | D:5      | Reached XP level 8. HP: 41/41 MP: 1/14
  6126 | D:5      | Found a shimmering blue altar of Sif Muna.
  6153 | D:5      | Noticed Eustachio
  6202 | D:5      | Killed Eustachio
  6203 | D:5      | Reached skill level 7 in Stealth
  7433 | D:6      | Reached skill level 5 in Spellcasting
  7739 | D:6      | Reached * piety under Nemelex Xobeh
  7967 | D:6      | Reached XP level 9. HP: 45/45 MP: 16/16
  8139 | D:6      | Received a gift from Nemelex Xobeh
  8152 | D:6      | Found a sacrificial altar of Ru.
  8203 | D:6      | Found Cyumm's Assorted Antiques.
  8387 | D:6      | Reached skill level 8 in Stealth
  8792 | D:7      | Noticed Harold
  8802 | D:7      | Killed Harold
  8803 | D:7      | Reached skill level 1 in Fighting
  8803 | D:7      | Reached skill level 9 in Stealth
  8803 | D:7      | Reached skill level 5 in Translocations
  8886 | D:7      | Found Beufroji's General Store.
  8929 | D:7      | Found a basalt altar of Yredelemnul.
  9164 | D:7      | Reached ** piety under Nemelex Xobeh
  9680 | D:8      | Reached XP level 10. HP: 49/52 MP: 7/19
 10065 | D:8      | Reached skill level 10 in Stealth
 10302 | D:8      | Received a gift from Nemelex Xobeh
 10764 | D:8      | Found a roughly hewn altar of Beogh.
 10895 | D:8      | Found an ornate altar of the Wu Jian Council.
 10902 | D:8      | Found a bloodstained altar of Trog.
 10955 | D:8      | Found a sacrificial altar of Ru.
 10998 | D:8      | Found a snail-covered altar of Cheibriados.
 11009 | D:8      | Found a glowing silver altar of Zin.
 11173 | D:8      | Reached skill level 5 in Dodging
 11449 | D:9      | Found a stormy altar of Qazlal.
 11595 | D:9      | Reached *** piety under Nemelex Xobeh
 11676 | D:9      | Found a stormy altar of Qazlal.
 11766 | D:9      | Received a gift from Nemelex Xobeh
 11771 | D:9      | Noticed Pikel
 11785 | D:9      | Killed Pikel
 11786 | D:9      | Reached skill level 11 in Stealth
 11931 | D:9      | Found a staircase to the Lair.
 12241 | D:9      | Found a staircase to the Orcish Mines.
 12262 | D:9      | Reached XP level 11. HP: 30/57 MP: 9/22
 12500 | Orc:1    | Entered Level 1 of the Orcish Mines
 12513 | D:9      | Reached skill level 1 in Evocations
 12642 | Orc:1    | Noticed a two-headed ogre
 12719 | Lair:1   | Entered Level 1 of the Lair of Beasts
 12737 | Lair:1   | Noticed an eight-headed hydra
 12746 | Lair:1   | Killed an eight-headed hydra
 12747 | Lair:1   | Reached skill level 1 in Armour
 12747 | Lair:1   | Reached skill level 12 in Stealth
 12981 | Lair:1   | Noticed a seven-headed hydra
 12992 | Lair:1   | Slain by a killer bee

Illustrated notes

Levels and vault maps discovered:
D:1:      minmay_arrival_jagged, layout_loops_ring,
          amcnicky_mini_rare_corridor_liquid, minmay_misc_feat_iff
D:2:      cheibrodos_helix_gallery, layout_basic, minivault_24
D:3:      layout_basic, grunt_dithmenos_smoke_and_mirrors, uniq_grinder,
          uniq_ijyb
D:4:      layout_rooms, minmay_temple_entry_mini_moons, serial_shops, shop,
          gammafunk_ghost_arena, okawaru_altar_gauntlet_db
D:5:      layout_cave_pods, lemuel_crystal_altar, chequers_garden,
          uniq_eustachio
D:6:      layout_basic, serial_shops, nicolae_shop_crystal,
          hangedman_abyss_or_decor_slice, minmay_misc_feat_cross,
          hangedman_ru_absence
D:7:      layout_basic, lemuel_doored_altar, serial_shops, nicolae_shop_crystal,
          uniq_harold
D:8:      layout_gridville, nicolae_overflow_quartered_altars,
          kennysheep_little_box, special_room [special_room_orc]
D:9:      layout_loops_ring, grunt_qazlal_sundering, dpeg_oklobed_lair,
          minmay_orc_entry_guard_dogs, basic_altar, uniq_pikel
Temple:   dshaligram_water_room_temple
Lair:1:   layout_regular_city, minivault_27, grunt_megastairs_1, uniq_sonja
Orc:1:    layout_caves, serial_shops

Skill      XL: |  1  2  3  4  5  6  7  8  9 10 11 |
---------------+----------------------------------+-----
Stealth        | 3 5 6 7 9 11 12 | 12.0
Conjurations   | 5 6 7 8 9 |  9.1
Short Blades   | 1 2 3 4 |  4.1
Spellcasting   | 3 4 5 6 7 8 |  8.0
Translocations | 1 2 4 5 6 |  6.0
Dodging        | 3 4 5 |  5.4
Fighting       | 1 2 |  2.0
Evocations     | 1 |  1.4
Armour         | 1 |  1.8

Action                   |  1- 3 |  4- 6 |  7- 9 | 10-12 || total
-------------------------+-------+-------+-------+-------++-------
Melee: Unarmed           |    15 |       |       |       ||    15
       Dagger            |    13 |    12 |    35 |    18 ||    78
 Cast: Magic Dart        |    35 |     5 |     3 |     2 ||    45
       Searing Ray       |     7 |    28 |    77 |    69 ||   181
       Iskenderun's Myst |       |       |     2 |     9 ||    11
Invok: Draw Summoning    |       |       |       |     1 ||     1
Evoke: Wand              |       |       |       |     1 ||     1
  Use: Scroll            |       |       |    12 |     2 ||    14
 Stab: Sleeping          |     7 |    10 |    25 |    15 ||    57
Armor: Robe              |     5 |     1 |    18 |     7 ||    31
       Acid dragon scale |       |       |       |    12 ||    12
Dodge: Dodged            |    26 |    16 |    71 |    78 ||   191
